 Dungeon Crawl Stone Soup version bcrawl-1.40.2 (webtiles) character file.

Game seed: 15264220461588974971

9205635 zoran the Warrior (level 26, -12/215 HPs)
             Began as a Demonspawn Necromancer on Nov 5, 2023.
             Was the Champion of Sif Muna.
             Mangled by an emperor scorpion (27 damage)
             ... on level 1 of the Realm of Zot on Nov 7, 2023.
             The game lasted 04:09:42 (54964 turns).

zoran the Warrior (Demonspawn Necromancer)         Turns: 54964, Time: 04:09:43

Health: -12/215    AC: 11    Str: 10    XL:     26   Next: 23%
Magic:  56/57      EV: 17    Int: 37    God:    Sif Muna [******]
Gold:   1901       SH: 15    Dex: 14    Spells: 4/62 levels left

rFire    + + +     GDR:     30% s - staff of power
rCold    + . .     SeeInvis .   k - +2 shield of Resistance {rF+ rC+ MR+}
rNeg     + + +     Gourm    .   K - +1 robe "Ileuqivo" {rElec rPois rN+++ Dex-3}
rPois    +         Faith    .   Q - +0 hat of the Sacrificial Victim {Int+7}
rElec    +         Spirit   .   a - +0 cloak "Hak Vasi" {rF+ Slay+2}
rCorr    +         Reflect  .   z - +2 pair of gloves of Oczinerosy {Int+3}
MR       +++..                  (boots unavailable)
Stlth    ++........             M - amulet "Qagg" {RegenMP Dex+3}
HPRegen  0.45/turn              G - ring "Ynagik" {+Fly MR+}
MPRegen  0.89/turn              Y - ring of resist corrosion

@: berserk cooldown, hasted and slowed, studying Slings, deflect missiles
A: hooves 3, molten scales 3, powered by death 3, spiny 3, augmentation 3
}: 3/15 runes: decaying, barnacled, slimy
a: Divine Energy, Channel Magic, Forget Spell, Moment of Magic, Renounce
Religion, Evoke Flight


You were on level 1 of the Realm of Zot.
You worshipped Sif Muna.
Sif Muna was exalted by your worship.
You were not hungry.

You visited 11 branches of the dungeon, and saw 44 of its levels.
You also visited: Bailey and Ice Cave.

You collected 7468 gold pieces.
You spent 5567 gold pieces at shops.

Inventory:

Hand Weapons
 i - a +0 blowgun
Missiles
 j - 7 throwing nets {=f}
 D - 102 curare-tipped needles
Armour
 a - the +0 cloak "Hak Vasi" (worn) {rF+ Slay+2}
   (You bought it in a shop in the Orcish Mines)

   It affects your accuracy and damage with ranged weapons and melee attacks
   (+2).
   It protects you from fire.
 k - the +2 shield of Resistance (worn) {rF+ rC+ MR+}
   (You bought it in a shop in the Orcish Mines)

   It protects you from fire.
   It protects you from cold.
   It affects your resistance to hostile enchantments.
 z - the +2 pair of gloves of Oczinerosy (worn) {Int+3}
   (You acquired it on level 3 of the Swamp)

   It affects your intelligence (+3).
 K - the +1 robe "Ileuqivo" (worn) {rElec rPois rN+++ Dex-3}
   (You bought it in a shop on level 1 of the Vaults)

   It affects your dexterity (-3).
   It insulates you from electricity.
   It protects you from poison.
   It renders you almost immune to negative energy.
 Q - the +0 hat of the Sacrificial Victim (worn) {Int+7}
   (You found it on level 2 of the Crypt)

   It affects your intelligence (+7).
Magical Staves
 s - an uncursed staff of power (weapon)
 C - an uncursed staff of wizardry
Jewellery
 u - the ring of Robustness {AC+8}
   (You took it off a deep elf mage on level 3 of the Elven Halls)

   [ring of protection]

   It affects your AC (+8).
 G - the ring "Ynagik" (left hand) {+Fly MR+}
   (You found it on level 4 of the Dungeon)

   [ring of flight]

   It affects your resistance to hostile enchantments.
   It lets you fly.
 M - the amulet "Qagg" (around neck) {RegenMP Dex+3}
   (You found it on level 12 of the Dungeon)

   [amulet of magic regeneration]

   It increases your magic regeneration.
   It affects your dexterity (+3).
 N - the ring of Coydimiy {rPois Str+2 Dex+4 SInv}
   (You found it on level 7 of the Dungeon)

   [ring of poison resistance]

   It affects your strength (+2).
   It affects your dexterity (+4).
   It protects you from poison.
   It lets you see invisible.
 Y - a ring of resist corrosion (right hand)
 Z - the amulet "Viat" {Regen rN+ MP+9 Int+3}
   (You found it on level 5 of the Pits of Slime)

   [amulet of regeneration]

   It affects your intelligence (+3).
   It protects you from negative energy.
   It affects your magic capacity (+9).
Wands
 o - a wand of clouds (5)
 v - a wand of acid (20)
 y - a wand of paralysis (6)
 E - a wand of charming (20)
 J - a wand of disintegration (52)
 L - a wand of iceblast (59)
 O - a wand of scattershot (4)
 S - a wand of polymorph (22)
Scrolls
 d - 5 scrolls of blinking
 h - 10 scrolls of fear
 l - 27 scrolls of remove curse
 m - 7 scrolls of fog
 n - 3 scrolls of revelation
 q - 2 scrolls of vulnerability
 w - 12 scrolls of teleportation
 X - 4 scrolls of summoning
Potions
 b - 2 potions of resistance
 c - 3 potions of heal wounds
 f - 3 potions of brilliance
 g - 11 potions of mutation
 p - 8 potions of lignification
 r - 5 potions of invisibility
 t - 10 potions of curing
 x - 2 potions of magic
 B - 2 potions of agility
 F - 2 potions of cancellation
 H - 6 potions of haste
 R - 7 potions of flight
Miscellaneous
 I - a sack of spiders (inert)
 P - a lamp of fire
 T - a lightning rod (4/4)
 U - a phantom mirror
 V - a phial of floods (inert)
 W - a fan of gales (inert)
Comestibles
 e - 43 rations {!d}


   Skills:
 - Level 19.0 Fighting
   Level 5.0 Short Blades
 - Level 5.0 Throwing
 - Level 5.0 Armour
 - Level 12.0 Dodging
 - Level 5.0 Stealth
 - Level 15.0 Shields
 + Level 18.6 Spellcasting
 - Level 15.0 Conjurations
 - Level 10.0 Charms
 - Level 15.0 Necromancy
 - Level 10.0 Air Magic
 - Level 15.0 Earth Magic
 - Level 10.0 Invocations
 - Level 10.0 Evocations


You had 4 spell levels left.
You knew the following spells:

 Your Spells              Type           Power        Failure   Level  Hunger
c - Death Channel         Chrm/Necr      #######...   3%          6    None
e - Borgnjor's Vile Clut  Necr/Erth      #######...   1%          6    None
i - Iron Shot             Conj/Erth      #######...   1%          6    None
l - Dispel Undead         Necr           #######.     1%          5    None
m - Deflect Missiles      Chrm/Air       #######...   9%          6    None
n - Blink                 Tloc           N/A          4%          2    None
q - Lee's Rapid Deconstr  Erth           #######...   1%          5    None
t - Vampiric Draining     Necr           #######...   1%          3    None
u - Bolt of Draining      Conj/Necr      #######...   1%          5    None
x - Animate Dead          Necr           N/A          1%          4    None
y - Haunt                 Necr/Summ      ######....   78%         7    ###....
z - Stone Arrow           Conj/Erth      ######       1%          3    None

Your spell library contained the following spells:

 Spells                   Type           Power        Failure   Level  Hunger
 Magic Dart               Conj           ####         0%          1    None
 Necrotize                Necr           ######       0%          1    None
 Sandblast                Erth           ######       0%          1    None
 Corpse Rot               Necr           N/A          0%          2    None
 Searing Ray              Conj           #######.     0%          2    None
 Sublimation of Blood     Necr           #######...   0%          2    None
 Flame Tongue             Conj/Fire      #####        1%          1    None
 Infusion                 Chrm           #######.     1%          1    None
 Static Discharge         Air            ######       1%          1    None
 Sting                    Conj/Pois      ####         1%          1    None
 Flaming Arrows           Chrm/Fire      ######..     1%          2    None
 Passwall                 Tmut/Erth      ######..     1%          2    None
 Poisonous Vapours        Pois/Air       ######       1%          2    None
 Shock                    Conj/Air       #######      1%          2    None
 Song of Slaying          Chrm           #######.     1%          2    None
 Swiftness                Chrm/Air       #######.     1%          2    None
 Conjure Flame            Conj/Fire      ######..     1%          3    None
 Dazzling Orbs            Conj/Hex       ######.      1%          3    None
 Iskenderun's Mystic Bla  Conj           #######.     1%          3    None
 Mephitic Cloud           Conj/Pois/Air  #######.     1%          3    None
 Regeneration             Chrm/Necr      #######...   1%          3    None
 Spectral Weapon          Hex/Chrm       ######..     1%          3    None
 Agony                    Necr           #######.     1%          4    None
 Airstrike                Air            #######...   1%          4    None
 Fulminant Prism          Conj/Hex       ######....   1%          4    None
 Lightning Bolt           Conj/Air       #######.     1%          4    None
 Petrify                  Tmut/Erth      ######....   1%          4    None
 Sticky Flame             Conj/Fire      ######..     1%          4    None
 Apportation              Tloc           ####..       3%          1    None
 Beastly Appendage        Tmut           ####..       3%          1    None
 Corona                   Hex            ####...      3%          1    None
 Slow                     Hex            ####....     3%          1    None
 Summon Butterflies       Summ           ####....     3%          1    None
 Summon Small Mammal      Summ           ####         3%          1    None
 Call Imp                 Summ           ####..       4%          2    None
 Ensorcelled Hibernation  Hex/Ice        ####..       4%          2    None
 Shackle                  Hex            ####....     4%          2    None
 Beckoning                Tloc           ####......   10%         3    None
 Call Canine Familiar     Summ           ####....     10%         3    None
 Confuse                  Hex            ####....     10%         3    None
 False Image              Hex/Summ       ####....     10%         3    None
 Ignite Poison            Fire/Tmut/Pois ####....     10%         3    None
 Inner Flame              Hex/Fire       N/A          10%         3    None
 Portal Projectile        Tloc           ####..       10%         3    None
 Recall                   Summ/Tloc      N/A          10%         3    None
 Teleport Other           Tloc           ####....     10%         3    None
 Tukima's Dance           Hex            ####....     10%         3    None
 Cause Fear               Hex            ####......   32%         4    None
 Force Lance              Tloc           ####....     32%         4    None
 Ice Form                 Ice/Tmut       ####....     32%         4    None
 Olgreb's Toxic Radiance  Pois           ####.....    32%         4    None
 Summon Ice Beast         Ice/Summ       ####....     32%         4    None
 Summon Scorpions         Summ/Pois      ####....     32%         4    None
 Tree Form                Hex/Tmut       N/A          32%         4    None
 Yara's Violent Unravell  Hex/Tmut       ####......   32%         4    None
 Bolt of Magma            Conj/Fire/Erth #######...   1%          5    None
 Iskenderun's Battlesphe  Conj/Chrm      #######.     1%          5    None
 Piercing Shot            Chrm           #######...   1%          5    None
 Conjure Ball Lightning   Conj/Air       #######...   3%          6    None
 Fireball                 Conj/Fire      ######....   4%          5    None
 Irradiate                Conj/Tmut      ######....   4%          5    None
 Venom Bolt               Conj/Pois      ######....   4%          5    None
 Orb of Destruction       Conj           #######...   6%          7    ###....
 Freezing Cloud           Ice/Air        ######..     12%         5    None
 Silence                  Hex/Air        ######....   12%         5    None
 Steam Barrier            Chrm/Fire      ######....   12%         5    None
 Summon Lightning Spire   Summ/Air       ######..     12%         5    None
 Bolt of Cold             Conj/Ice       ######....   24%         6    None
 Bolt of Fire             Conj/Fire      ######....   24%         6    None
 Poison Arrow             Conj/Pois      ######....   24%         6    None
 Simulacrum               Ice/Necr       ######..     24%         6    None
 Statue Form              Tmut/Erth      ######...    24%         6    None
 Lehudib's Crystal Spear  Conj/Erth      #######...   43%         8    ####...
 Blade Hands              Tmut           ####......   67%         5    None
 Metabolic Englaciation   Hex/Ice        ####......   67%         5    None
 Summon Demon             Summ           ####......   67%         5    None
 Summon Forest            Summ/Tloc      ####......   67%         5    None
 Summon Mana Viper        Hex/Summ       ####....     67%         5    None
 Blight                   Necr/Pois      ######...    78%         7    ###....
 Mana Rupture             Conj/Hex       ######....   78%         7    ###....
 Spellforged Servitor     Conj/Summ      ######....   78%         7    ###....
 Chain Lightning          Conj/Air       #######...   78%         8    ####...
 Aura of Abjuration       Summ           ####......   99%         6    None
 Dispersal                Tloc           ####......   99%         6    None
 Infestation              Hex/Tmut/Pois  ####.....    99%         6    None
 Invisibility             Hex            ####....     99%         6    None
 Ozocubu's Refrigeration  Ice            ####......   99%         6    None
 Controlled Blink         Tloc           ####....     100%        7    ###....
 Discord                  Hex            ####......   100%        7    ###....
 Dragon Form              Tmut           ####...      100%        7    ###....
 Monstrous Menagerie      Summ           ####......   100%        7    ###....
 Shadow Creatures         Summ           N/A          100%        7    ###....
 Summon Fire Elementals   Fire/Summ      ####.....    100%        7    ###....
 Ignition                 Hex/Fire       ####......   100%        8    ####...
 Necromutation            Tmut/Necr      ######..     100%        8    ####...
 Summon Horrible Things   Summ           ####......   100%        8    ####...
 Time Stop                Chrm/Tloc      N/A          100%        8    ####...
 Tornado                  Tloc/Air       ######....   100%        8    ####...
 Fire Storm               Fire           ####......   100%        9    ######.
 Shatter                  Erth           #######...   100%        9    ######.


Dungeon Overview and Level Annotations

Branches:
Dungeon (12/12)            Temple (0/1) D:5            Lair (6/6) D:8
  Swamp (3/3) Lair:3       Shoals (3/3) Lair:3        Slime (5/5) Orc
    Orc (1/1) D:10            Elf (3/3) Lair:6       Vaults (2/3) D:11
  Crypt (2/2) Vaults:2       Tomb (0/3) Crypt:2      Depths (5/5) D:12
    Zot (2/5) Depths:5

Altars:
Ashenzari
Fedhas
Hepliaklqana
Kikubaaqudgha
Nemelex Xobeh
Okawaru
Sif Muna
Vehumet
Wu Jian
Yredelemnul
Jiyva

Shops:
D:6 [   D:7 [   D:12 :   Orc ([:![   Elf:2 ?   Vaults:1 [(}   Depths:4 =}=
Depths:5 :

Portals:
Hell: Depths:1 Depths:2 Depths:3 Depths:4 Depths:5
Abyss: Depths:2 Depths:4
Pandemonium: Depths:3
Ziggurat: Depths:1

Annotations:
Lair:5 exclusion: ice statue
Lair:6 2 runed doors
Swamp:3 Aizul
Elf:1 6 runed translucent doors
Elf:2 3 runed doors
Elf:3 Mara
Vaults:2 Mennas


Innate Abilities, Weirdness & Mutations

You have hooves in place of feet.
You are completely covered in molten scales. (AC +4, rF+)
You regenerate a lot of health from kills.
You are completely covered in sharp spines.
Your magical and physical power is greatly enhanced at high health.


Message History

You fall into the shallow water.
Moving in this stuff is going to be slow.
The tentacled monstrosity tentacle-slaps your water elemental!!
The tentacled monstrosity barely misses your water elemental.
The tentacled monstrosity tentacle-slaps your water elemental.
You block the emperor scorpion's attack.
The emperor scorpion misses you.
The emperor scorpion claws you but does no damage.
The moth of wrath bites you!
* * * LOW HITPOINT WARNING * * *
Your water elemental barely misses the moth of wrath.
The tentacled monstrosity tentacle-slaps your water elemental!!
The tentacled monstrosity tentacle-slaps your water elemental!
The tentacled monstrosity barely misses your water elemental.
The moth of wrath is struck by your spines.
The moth of wrath closely misses you.
The tentacled monstrosity tentacle-slaps your water elemental!!
Your water elemental is destroyed!
The emperor scorpion stings you!!
You die...

...##...##..#######.....(..#
...##...######...##.......#######
>.........)......#........##.....
.................##.......##.....
.................##..^....##.....
...##.......#....#...............
...##.......###..≈.§......##.....
...##...)....##..⌠≈X≈≈....##.....
............##..@s≈≈≈≈....#......
............##...y≈E≈≈....#......
...##.......##..>≈...≈....##.....
...##.......##.)...⌠.....^##.....
.............#...................
...##........##..⌠...............
...##...).....##..........##.....
...##.....####...##.......##.....
...##.....#########......=##.....


You could see a tentacled monstrosity (berserk), an emperor scorpion (berserk),
a moth of wrath and a friendly water elemental.

Vanquished Creatures
  the Royal Jelly (Slime:5)
  Dissolution (Slime:3)
  3 juggernauts
  An orb of fire (Zot:2)
  Sojobo (Depths:4)
  A golden dragon (Zot:1)
  A caustic shrike (Depths:2)
  Jory (Crypt:2)
  6 rockslimes
  Nikola (Elf:2)
  3 bone dragons (Depths:5)
  2 Orb Demons
  The ghost of Morbidden the Peltast, a veteran VSAc of Okawaru (Depths:1)
  4 wendigos
  3 tentacled monstrosities
  2 liches
  Asterion (Depths:3)
  4 quicksilver dragons
  2 deep elf master archers (Elf:3)
  3 deep elf blademasters
  2 titans (Depths:5)
  A draconian monk (Depths:5)
  25 acid blobs
  3 ancient champions
  2 sphinxes
  6 ghouls
  5 tengu reavers
  8 storm dragons
  2 shadow dragons (Zot:1)
  A thorn hunter (Swamp:3)
  2 revenants (Crypt:1)
  5 frost giants
  4 fire giants
  3 deep elf sorcerers (Elf:3)
  4 azure jellies
  3 vault wardens
  2 orc warlords
  An iron dragon (Depths:3)
  A spriggan defender (Depths:2)
  2 deep elf elementalists (Elf:3)
  A draconian scorcher (Zot:1)
  19 stone giants
  A draconian annihilator (Zot:2)
  11 jiangshi
  25 very ugly things
  3 eyes of devastation (Depths:3)
  An ironheart preserver (Vaults:1)
  14 vampire knights
  A lorocyproca (Depths:3)
  2 green draconians
  6 black draconians
  6 dire elephants
  8 deep elf demonologists
  3 yellow draconians
  6 spark wasps
  An entropy weaver (Vaults:1)
  A minotaur (Shoals:3)
  A red draconian (Zot:1)
  2 deep elf annihilators (Elf:3)
  4 ettins
  5 eidola (Crypt:2)
  A purple draconian (Zot:1)
  6 deep elf death magi
  2 merfolk javelineers
  5 merfolk impalers
  8 yaktaur captains
  Josephine (Shoals:1)
  11 fire dragons
  A rakshasa (Depths:3)
  3 deep elf high priests (Elf:3)
  A hydra (shapeshifter) (Depths:3)
  3 vault guards (Vaults:2)
  A quicksilver dragon skeleton (Crypt:2)
  A shadow wraith (Crypt:1)
  8 hydras
  15 great orbs of eyes
  3 shambling mangroves
  9 ice dragons
  Harold (D:10)
  12 death oozes
  20 two-headed ogres
  4 spriggan air magi
  6 deep troll shamans
  7 deep troll earth magi
  8 ogre magi
  17 dancing weapons
  3 merfolk avatars
  2 hell hogs (Depths:2)
  7 satyrs
  3 sea snakes
  10 alligators
  6 ancient automatons
  11 vampire magi
  2 tengu warriors
  3 ironheart beastmasters
  6 spriggan berserkers
  An orc high priest (Orc)
  2 soul eaters (Crypt:2)
  2 storm dragon zombies (Crypt:2)
  A sun demon (Depths:3)
  21 deep elf knights
  5 spriggans
  11 deep trolls
  9 centaur warriors
  6 iron trolls
  8 skeletal warriors
  2 golden dragon zombies (Crypt:2)
  A spark wasp zombie (D:12)
  9 swamp dragons
  A glowing orange brain (shapeshifter) (Elf:1)
  2 hell knights
  An unseen horror (D:12)
  4 flayed ghosts
  A spriggan druid (Swamp:3)
  11 phantasmal warriors
  A wolf spider zombie (D:12)
  Pikel (D:3)
  4 glowing orange brains
  8 wizards
  11 deep elf archers
  A lindwurm (Swamp:3)
  4 cyclopes
  5 necromancers
  3 orc knights
  4 harpies
  5 ironheart convokers
  2 frost giant zombies (Crypt:2)
  A fire giant zombie (Crypt:2)
  27 deep elf magi
  2 salamanders (Depths:2)
  2 orc sorcerers (Orc)
  23 ugly things
  2 oklob plants (Lair:2)
  A stone giant zombie (Crypt:2)
  10 shining eyes
  9 merfolk sirens
  7 manticores
  A black mamba (Lair:1)
  7 elephants
  A stone giant skeleton (Depths:2)
  11 fauns
  A fire giant skeleton (Depths:2)
  8 moths of wrath
  A dire elephant zombie (Crypt:2)
  2 will-o'-wisps (Swamp:1)
  14 cane toads
  12 water nymphs
  3 vault sentinels
  A storm dragon simulacrum (Depths:2)
  A pale draconian zombie (Crypt:1)
  An orange demon (Depths:3)
  2 anaconda simulacra (IceCv)
  2 tengu conjurers
  5 komodo dragons
  3 rime drakes
  An efreet (D:10)
  21 yaktaurs
  8 freezing wraiths
  A yaktaur skeleton (D:12)
  A grey draconian skeleton (Crypt:2)
  A hellwing (Depths:3)
  A red devil (Depths:3)
  A guardian mummy (D:12)
  6 ice devils (IceCv)
  5 trolls
  Maurice (D:10)
  12 merfolk
  2 polar bears (Lair:5)
  A wolf spider simulacrum (D:12)
  A queen bee (Lair:2)
  4 tyrant leeches
  106 slime creatures
  2 wind drakes
  7 bog bodies
  11 hornets
  9 blink frogs
  5 snapping turtles
  A deep troll zombie (D:12)
  14 hippogriffs
  A fire dragon zombie (Crypt:2)
  A tarantella zombie (Crypt:2)
  12 dream sheep
  Sigmund (D:6)
  A meliai zombie (D:11)
  2 spriggan zombies
  4 ettin zombies
  4 air elementals
  Grum (Lair:2)
  A shadow (Crypt:1)
  9 wraiths
  A dire elephant simulacrum (IceCv)
  4 wyverns
  A black mamba zombie (Crypt:2)
  3 basilisks
  19 vampires
  15 water elementals
  13 yaks
  3 fire elementals
  16 golden eyes
  A redback (shapeshifter) (Vaults:2)
  20 vampire mosquitoes
  2 basilisks (shapeshifter)
  2 steam dragons
  A hog (shapeshifter) (Elf:2)
  A hungry ghost (D:10)
  An emperor scorpion simulacrum (Crypt:2)
  A yaktaur simulacrum (Vaults:1)
  11 crocodiles
  An iron troll simulacrum (IceCv)
  11 swamp worms
  4 harpy simulacra (IceCv)
  9 hell hounds
  4 floating eyes
  6 hydra simulacra
  11 water moccasins
  4 porcupines
  5 swamp drakes
  A hornet zombie (D:6)
  25 orc warriors
  7 ice beasts
  2 sky beasts
  2 black bears (D:9)
  5 necrophages
  9 boggarts
  5 ettin simulacra (IceCv)
  A phantom (D:10)
  An ogre (shapeshifter) (Depths:4)
  A manticore zombie (Crypt:2)
  6 wolves
  13 ogres
  A snapping turtle skeleton (Crypt:2)
  4 kobold brigands
  9 bullfrogs
  A draconian zombie (Crypt:2)
  3 earth elementals (Elf:1)
  4 centaurs
  4 scorpions
  A cyclops skeleton (Crypt:1)
  2 water moccasin skeletons
  33 killer bees
  An elephant simulacrum (IceCv)
  A spriggan skeleton (Crypt:1)
  2 human simulacra
  2 howler monkeys
  20 orc priests
  4 crimson imps
  6 bullfrog zombies
  A quasit (D:6)
  2 draconian simulacra (IceCv)
  A jelly (D:5)
  2 hounds
  A gnoll shaman (D:4)
  6 iguanas
  18 orc wizards
  6 worker ants
  3 spriggan simulacra (IceCv)
  4 troll simulacra (IceCv)
  A polar bear simulacrum (IceCv)
  A deep dwarf zombie (Crypt:1)
  A sky beast zombie (Crypt:2)
  An acid dragon skeleton (Crypt:2)
  4 hound zombies
  A naga skeleton (Crypt:2)
  A crocodile skeleton (Crypt:1)
  3 hound skeletons
  A howler monkey zombie (Crypt:1)
  A worker ant zombie (D:7)
  A howler monkey skeleton (D:6)
  26 gnolls
  9 adders
  2 naga simulacra (IceCv)
  2 ogre simulacra (IceCv)
  3 shadow imps
  10 white imps
  An ufetubus (IceCv)
  3 oozes
  3 adder zombies
  5 adder skeletons
  A worm (D:5)
  8 leopard geckos
  93 orcs
  A giant cockroach (D:3)
  18 goblins
  19 hobgoblins
  10 jackals
  5 kobolds
  4 quokkas
  3 ball pythons
  4 bats
  2 frilled lizards (D:1)
  A jackal zombie (D:6)
  9 rats
  11 plants
1677 creatures vanquished.

Vanquished Creatures (collateral kills)
  A Killer Klown (Depths:5)
  Frederick (Depths:5)
  A bone dragon (Depths:5)
  2 tentacled monstrosities
  A lich (Depths:4)
  3 acid blobs (Slime:5)
  A storm dragon (Zot:1)
  2 sphinxes
  2 tengu reavers
  A draconian monk (Depths:5)
  An iron dragon (Depths:4)
  2 stone giants (Depths:5)
  An ironheart preserver (Vaults:1)
  4 jiangshi
  7 very ugly things
  3 red draconians
  A black draconian (Depths:5)
  A green draconian (Depths:5)
  2 minotaurs (Shoals:3)
  2 purple draconians (Depths:5)
  A spark wasp (Depths:5)
  A yellow draconian (Depths:5)
  2 dire elephants
  An ettin (Depths:2)
  A merfolk javelineer (Depths:4)
  2 fire dragons
  A yaktaur captain (Vaults:1)
  Urug (Lair:2)
  2 vault guards
  6 hydras
  2 ice dragons
  2 great orbs of eyes
  An ogre mage (Depths:1)
  A spriggan air mage (Depths:5)
  6 satyrs (Shoals:3)
  3 alligators
  3 dancing weapons
  3 deep troll shamans
  6 two-headed ogres
  A vampire mage (Depths:4)
  A death yak (Lair:6)
  3 deep troll earth magi
  10 deep trolls
  4 centaur warriors
  An iron troll (Depths:1)
  4 hell knights (Depths:4)
  A swamp dragon (Swamp:3)
  A death drake (Swamp:3)
  A flayed ghost (Depths:1)
  A lindwurm (Swamp:3)
  A wizard (Vaults:1)
  5 deep elf archers
  3 harpies (Shoals:3)
  A necromancer (Depths:2)
  An ironheart convoker (Vaults:1)
  8 deep elf magi
  An orc knight (Orc)
  4 fauns
  A shadow dragon skeleton (Depths:2)
  23 ugly things
  3 manticores (Shoals:3)
  3 elephants
  A will-o'-wisp (Swamp:1)
  3 vault sentinels (Vaults:1)
  A torpor snail (shapeshifter) (Depths:4)
  A rime drake (Lair:4)
  5 cane toads
  A komodo dragon (Lair:5)
  6 yaktaurs
  A wandering mushroom (Lair:6)
  A polar bear (shapeshifter) (Depths:3)
  A tengu conjurer (Vaults:1)
  A troll (D:9)
  A hornet (Lair:3)
  4 merfolk
  11 slime creatures
  4 dream sheep
  A snapping turtle (Shoals:3)
  4 hippogriffs
  A blink frog (shapeshifter) (Vaults:1)
  4 blink frogs (Lair:6)
  5 water elementals
  A spriggan (Depths:2)
  10 yaks
  A wraith (Vaults:1)
  A wyvern (Lair:3)
  A human (Lair:2)
  4 basilisks
  A fire elemental (Depths:2)
  4 vampire mosquitoes
  3 crocodiles
  A warg (D:10)
  2 hydra simulacra (Depths:2)
  4 swamp drakes
  4 orc warriors (Orc)
  2 ice beasts (Lair:5)
  A slave (D:4)
  A boggart (Depths:4)
  8 ogres
  A necrophage (D:6)
  5 wolves (Lair:5)
  2 bullfrogs
  3 killer bees
  A howler monkey (D:4)
  An orc priest (Orc)
  A jelly (D:10)
  A bullfrog skeleton (D:6)
  A bullfrog zombie (D:6)
  An orc wizard (Orc)
  2 worker ants
  2 gnolls (Bailey)
  An adder (D:4)
  A white imp (Lair:5)
  An adder skeleton (D:6)
  An adder zombie (D:6)
  A dart slug (D:3)
  13 orcs
  4 goblins
  3 hobgoblins
  2 jackals
  3 plants
323 creatures vanquished.

Vanquished Creatures (others)
  A deep elf elementalist (Elf:3)
  A vault warden (Vaults:1)
  An ironheart preserver (Vaults:1)
  A deep elf demonologist (Elf:1)
  A red draconian (Zot:2)
  A deep elf high priest (Elf:1)
  3 hydras (Swamp:3)
  A two-headed ogre (D:10)
  An orc high priest (Elf:1)
  2 deep trolls (Vaults:1)
  3 deep elf knights (Elf:1)
  3 deep elf archers (Elf:1)
  A swamp dragon (Swamp:3)
  A lindwurm (Swamp:3)
  An orc sorcerer (Orc)
  A deep elf mage (Vaults:1)
  3 elephants (Lair:6)
  2 dream sheep (Lair:5)
  An air elemental (Elf:1)
  A water elemental (Elf:1)
  4 yaks (Lair:5)
  A swamp drake (Swamp:3)
  A slave (D:4)
  6 orc warriors
  2 ogres (D:10)
  7 orc priests
  A bullfrog skeleton (D:4)
  2 orc wizards
  A gnoll (Bailey)
  A dart slug (D:4)
  14 orcs
  A briar patch (Swamp:3)
  11 fungi
  14 plants
  2 withered plants
98 creatures vanquished.

Grand Total: 2098 creatures vanquished

Notes
Turn   | Place    | Note
-------+----------+-------------------------------------------
     0 | D:1      | zoran the Demonspawn Necromancer began the quest for the
                  | Orb.
     0 | D:1      | Reached XP level 1. HP: 13/13 MP: 3/3
   129 | D:1      | Gained mutation: You have large cloven feet. [demonic
                  | ancestry]
   129 | D:1      | Reached XP level 2. HP: 20/20 MP: 3/5
   569 | D:1      | Reached XP level 3. HP: 25/25 MP: 6/6
   713 | D:2      | Reached skill level 1 in Fighting
   771 | D:2      | Reached skill level 1 in Short Blades
  1313 | D:3      | Learned a level 3 spell: Vampiric Draining
  1533 | D:3      | Gained mutation: You have hoof-like feet. [demonic
                  | ancestry]
  1533 | D:3      | Reached XP level 4. HP: 29/32 MP: 3/7
  1651 | D:3      | Found a shimmering blue altar of Sif Muna.
  1758 | D:3      | Became a worshipper of Sif Muna the Loreminder
  1803 | D:3      | Got a steaming pewter ring
  2165 | D:3      | Found a sparkling altar of Nemelex Xobeh.
  2737 | D:4      | Noticed a slave
  2739 | D:4      | Reached skill level 5 in Necromancy
  2739 | D:4      | Reached XP level 5. HP: 35/38 MP: 3/9
  2747 | D:4      | Killed a slave
  2793 | D:4      | Noticed Pikel
  2795 | D:4      | Noticed a slave
  2795 | D:4      | Noticed a slave
  2796 | D:4      | Noticed a slave
  2880 | D:3      | Killed Pikel
  2881 | D:3      | Reached skill level 2 in Fighting
  2881 | D:3      | Reached skill level 3 in Fighting
  2881 | D:3      | Reached XP level 6. HP: 20/47 MP: 1/10
  2881 | D:3      | Reached XP level 7. HP: 22/52 MP: 1/11
  3089 | D:4      | Learned a level 4 spell: Agony
  3175 | D:4      | Reached skill level 5 in Stealth
  3205 | D:4      | Reached skill level 5 in Invocations
  3622 | D:4      | Found an iron altar of Okawaru.
  3651 | D:4      | Found a glowing golden altar of the Shining One.
  3662 | D:4      | Got a flickering bone ring
  3915 | D:4      | Got a scorched brass ring
  3944 | D:4      | Identified the ring of Teunni Vijaw {*Drain rC+ Slay+3
                  | Stlth--} (You found it on level 3 of the Dungeon)
  3978 | D:4      | Identified the ring "Ynagik" {+Fly MR+} (You found it on
                  | level 4 of the Dungeon)
  3980 | D:4      | Identified the ring of Harmony {Fire +Inv} (You found it on
                  | level 4 of the Dungeon)
  4004 | D:5      | Entered Level 5 of the Dungeon
  4027 | D:5      | Found a staircase to the Ecumenical Temple.
  4107 | D:5      | Noticed a hungry ghost
  4112 | D:5      | Gained mutation: You are partially covered in molten
                  | scales. (AC +2) [demonic ancestry]
  4112 | D:5      | Reached XP level 8. HP: 44/58 MP: 13/13
  4148 | D:4      | Learned a level 5 spell: Dispel Undead
  4161 | D:5      | Found a hazy altar of Hepliaklqana.
  4282 | D:5      | Reached * piety under Sif Muna
  5268 | D:5      | Reached skill level 4 in Fighting
  5481 | D:6      | Reached skill level 1 in Throwing
  5590 | D:6      | Found a blossoming altar of Fedhas.
  5599 | D:6      | Found Plog's Antique Armour Shop.
  5617 | D:6      | Found a shimmering blue altar of Sif Muna.
  5617 | D:6      | Found a shattered altar of Ashenzari.
  5621 | D:6      | Found a glowing golden altar of the Shining One.
  5621 | D:6      | Found an ornate altar of the Wu Jian Council.
  5631 | D:6      | Noticed Sigmund
  5641 | D:6      | Killed Sigmund
  5648 | D:6      | Reached XP level 9. HP: 61/66 MP: 7/15
  6191 | D:7      | Reached skill level 5 in Fighting
  6356 | D:7      | Got a coiled golden ring
  6471 | D:7      | Got a clouded platinum ring
  6506 | D:7      | Found Wuegaew's Armour Shoppe.
  6521 | D:7      | Learned a level 1 spell: Slow
  6547 | D:7      | Reached skill level 5 in Dodging
  6547 | D:7      | Reached skill level 5 in Spellcasting
  6930 | D:8      | Identified Patequaq's Grimoire of Lethal Dislocation (Sif
                  | Muna gifted it to you on level 8 of the Dungeon)
  6930 | D:8      | Received a gift from Sif Muna
  6952 | D:8      | Reached skill level 5 in Short Blades
  6981 | D:8      | Reached ** piety under Sif Muna
  6996 | D:7      | Reached skill level 5 in Throwing
  7225 | D:8      | Noticed a green ugly thing
  7368 | D:8      | Identified the ring of the Hippo {rF- MR+ AC+5 Int+6 Dex-5}
                  | (You found it on level 7 of the Dungeon)
  7370 | D:8      | Identified the ring of Coydimiy {rPois Str+2 Dex+4 SInv}
                  | (You found it on level 7 of the Dungeon)
  7389 | D:8      | Found a staircase to the Lair.
  7389 | D:8      | Noticed an elephant
  7495 | D:8      | Found a shimmering blue altar of Sif Muna.
  7589 | D:8      | Gained mutation: You are partially covered in sharp spines.
                  | [demonic ancestry]
  7589 | D:8      | Reached XP level 10. HP: 74/74 MP: 17/17
  7788 | D:8      | Noticed a three-headed hydra
  7793 | D:8      | Killed a three-headed hydra
  7794 | D:8      | Reached *** piety under Sif Muna
  7962 | D:8      | Killed an elephant
  7963 | D:8      | Reached skill level 10 in Necromancy
  8499 | D:8      | Killed a green ugly thing
  8500 | D:8      | Reached skill level 6 in Fighting
  8599 | Lair:1   | Entered Level 1 of the Lair of Beasts
  8599 | Lair:1   | Noticed a cane toad
  8604 | Lair:1   | Killed a cane toad
  8605 | Lair:1   | Reached skill level 7 in Fighting
  8956 | Lair:1   | Noticed a black mamba
  8963 | Lair:1   | Killed a black mamba
  8964 | Lair:1   | Reached **** piety under Sif Muna
  9064 | Lair:1   | Noticed a cane toad
  9073 | Lair:1   | Killed a cane toad
  9315 | Lair:2   | Noticed Urug
  9351 | Lair:2   | Learned a level 4 spell: Animate Dead
  9355 | Lair:2   | Reached XP level 11. HP: 62/85 MP: 9/19
  9394 | Lair:2   | Noticed Sonja
  9396 | Lair:2   | Noticed Sonja
  9396 | Lair:2   | Sonja changed into Sonja the human
  9567 | Lair:2   | Reached skill level 8 in Fighting
  9576 | Lair:1   | Identified Wioruc's Collected Works on Transmutation and
                  | Earth (Sif Muna gifted it to you on level 1 of the Lair of
                  | Beasts)
  9576 | Lair:1   | Received a gift from Sif Muna
  9794 | Lair:3   | Reached ***** piety under Sif Muna
  9875 | Lair:3   | Found a staircase to the Swamp.
 10087 | Lair:3   | Learned a level 3 spell: Stone Arrow
 10117 | Lair:3   | Reached skill level 1 in Conjurations
 10267 | Lair:3   | Got a glittering lapis lazuli ring
 10600 | Lair:3   | Reached skill level 5 in Conjurations
 10609 | Lair:3   | Reached skill level 1 in Earth Magic
 10688 | Lair:3   | Found a staircase to the Shoals.
 10788 | Lair:3   | Identified the ring of Grontol {Ice rElec Str+3 Int-5} (You
                  | found it on level 3 of the Lair of Beasts)
 10962 | Lair:4   | Noticed an eight-headed hydra
 10972 | Lair:4   | Killed an eight-headed hydra
 10973 | Lair:4   | Reached ****** piety under Sif Muna
 10977 | Lair:4   | Gained mutation: You are mostly covered in molten scales.
                  | (AC +3) [demonic ancestry]
 10977 | Lair:4   | Reached XP level 12. HP: 67/92 MP: 10/25
 11475 | Lair:4   | Identified Sif Muna's Disquisition on Unstable Hexes (Sif
                  | Muna gifted it to you on level 4 of the Lair of Beasts)
 11475 | Lair:4   | Received a gift from Sif Muna
 11646 | Lair:4   | Reached skill level 5 in Earth Magic
 11913 | Lair:4   | Learned a level 5 spell: Iskenderun's Battlesphere
 11936 | Lair:4   | Reached skill level 10 in Spellcasting
 11936 | Lair:4   | Reached skill level 1 in Charms
 12197 | Lair:5   | Reached skill level 5 in Charms
 12443 | Lair:5   | Identified a scroll of acquirement
 12495 | Lair:5   | Reached skill level 9 in Fighting
 12648 | Lair:5   | Identified the -2 cloak of Yjewodac {Int+3} (You acquired
                  | it on level 5 of the Lair of Beasts)
 13235 | Lair:6   | Entered Level 6 of the Lair of Beasts
 13235 | Lair:6   | Noticed a death yak
 13245 | Lair:6   | Noticed a five-headed hydra
 13281 | Lair:6   | Killed a five-headed hydra
 13339 | Lair:6   | Reached skill level 1 in Evocations
 13357 | Lair:6   | Gained mutation: You are mostly covered in sharp spines.
                  | [demonic ancestry]
 13357 | Lair:6   | Reached XP level 13. HP: 38/103 MP: 17/27
 13481 | Lair:6   | Reached skill level 10 in Fighting
 13906 | Lair:6   | Identified Ceffewap's Handbook of the Birds and Beguiling
                  | (Sif Muna gifted it to you on level 6 of the Lair of
                  | Beasts)
 13906 | Lair:6   | Received a gift from Sif Muna
 14001 | Lair:6   | Noticed a dire elephant
 14025 | Lair:6   | Killed a dire elephant
 14291 | Lair:6   | Found a staircase to the Elven Halls.
 14350 | Lair:6   | Reached skill level 5 in Evocations
 14416 | Lair:6   | Found a large runed door.
 14417 | Lair:6   | Found a large runed door.
 16480 | D:9      | Found a radiant altar of Vehumet.
 16550 | D:10     | Entered Level 10 of the Dungeon
 16678 | D:10     | Noticed Maurice
 16682 | D:10     | Killed Maurice
 16854 | D:10     | Gained mutation: You are completely covered in molten
                  | scales. (AC +4, rF+) [demonic ancestry]
 16854 | D:10     | Reached XP level 14. HP: 100/110 MP: 17/28
 16892 | D:10     | Noticed Harold
 16913 | D:10     | Killed Harold
 17057 | D:10     | Found a staircase to the Orcish Mines.
 17704 | D:11     | Identified Sif Muna's Papyrus of Creative Attacks (Sif Muna
                  | gifted it to you on level 11 of the Dungeon)
 17704 | D:11     | Received a gift from Sif Muna
 17707 | D:11     | Found a gate to the Vaults.
 17975 | D:11     | Found the +8 mithril axe "Arga" {speed, MR+}
 18273 | D:11     | Reached skill level 10 in Conjurations
 18671 | D:12     | Entered Level 12 of the Dungeon
 18672 | D:12     | Found Ydeptaih's Book Shop.
 18916 | D:12     | Found a flagged portal.
 18932 | Bailey   | Entered a bailey
 19446 | Bailey   | Noticed an orc warlord
 19466 | Bailey   | Killed an orc warlord
 19574 | D:12     | Reached skill level 10 in Dodging
 20065 | D:12     | Noticed a reaper
 20142 | D:12     | Got a glittering emerald amulet
 20143 | D:12     | Identified the amulet "Qagg" {RegenMP Dex+3} (You found it
                  | on level 12 of the Dungeon)
 20225 | D:12     | Found a staircase to the Depths.
 20900 | Orc      | Entered the Orcish Mines
 20900 | Orc      | Found Qisi's Antique Armour Shoppe.
 20954 | Orc      | Bought a shimmering cloak for 171 gold pieces
 20966 | Orc      | Identified the cursed +0 cloak "Hak Vasi" {rF+ Slay+2} (You
                  | bought it in a shop in the Orcish Mines)
 20999 | Orc      | Found a roughly hewn altar of Beogh.
 21062 | Orc      | Found a roughly hewn altar of Beogh.
 21064 | Orc      | Found Wyunk's Distillery.
 21087 | Orc      | Bought a potion of berserk rage for 54 gold pieces
 21140 | Orc      | Found a runed door.
 21140 | Orc      | Found a viscous altar of Jiyva.
 21145 | Orc      | Found a staircase to the Slime Pits.
 21164 | Orc      | Identified Metump Rampi's Disquisition on Shifting
                  | Conjuration (Sif Muna gifted it to you in the Orcish Mines)
 21164 | Orc      | Received a gift from Sif Muna
 21439 | Orc      | Found a roughly hewn altar of Beogh.
 21442 | Orc      | Found Beesinij's Book Boutique.
 21647 | Orc      | Found a roughly hewn altar of Beogh.
 21933 | Orc      | Found a roughly hewn altar of Beogh.
 22175 | Orc      | Gained mutation: Your magical and physical power is
                  | slightly enhanced at high health. [demonic ancestry]
 22175 | Orc      | Reached XP level 15. HP: 115/115 MP: 29/29
 22181 | Orc      | Noticed an orc warlord
 22190 | Orc      | Killed an orc warlord
 22267 | Orc      | Found Deucrud's Antique Armour Emporium.
 22267 | Orc      | Found a roughly hewn altar of Beogh.
 22272 | Orc      | Found Owooras's Antique Weapon Shoppe.
 22311 | Orc      | Bought an embroidered hat for 168 gold pieces
 22408 | D:10     | Learned a level 5 spell: Bolt of Draining
 22593 | Lair:2   | Noticed Grum
 22635 | Lair:2   | Killed Grum
 22648 | Lair:2   | Reached skill level 10 in Earth Magic
 22674 | Lair:2   | Killed Sonja the human
 22804 | Lair:2   | Reached skill level 1 in Shields
 22868 | Lair:2   | Killed Urug
 23722 | Swamp:1  | Entered Level 1 of the Swamp
 24911 | Swamp:2  | Reached skill level 5 in Shields
 24951 | Swamp:2  | Identified Sif Muna's Almanac of Evil Air (Sif Muna gifted
                  | it to you on level 2 of the Swamp)
 24951 | Swamp:2  | Received a gift from Sif Muna
 25344 | Swamp:2  | Reached skill level 10 in Invocations
 25853 | Swamp:3  | Entered Level 3 of the Swamp
 25853 | Swamp:3  | Noticed Aizul
 25878 | Swamp:3  | Identified the +2 chain mail of the Disturbing Spirits
                  | {MR+++ Int-2 Dex+7} (You acquired it on level 3 of the
                  | Swamp)
 25879 | Swamp:3  | Identified the ring of Cyjeeng {rC+ Int+3} (You acquired it
                  | on level 3 of the Swamp)
 25883 | Swamp:3  | Identified the +2 pair of gloves of Oczinerosy {Int+3} (You
                  | acquired it on level 3 of the Swamp)
 26287 | Swamp:3  | Noticed a thorn hunter
 26303 | Swamp:3  | Identified Sif Muna's Papyrus of Ashen Attacks (Sif Muna
                  | gifted it to you on level 3 of the Swamp)
 26303 | Swamp:3  | Received a gift from Sif Muna
 26391 | Swamp:3  | Killed a thorn hunter
 26392 | Swamp:3  | Gained mutation: You have hooves in place of feet. [demonic
                  | ancestry]
 26392 | Swamp:3  | Reached XP level 16. HP: 64/122 MP: 28/33
 26628 | Swamp:3  | Got a decaying rune of Zot
 26914 | Lair:3   | Learned a level 6 spell: Deflect Missiles
 26928 | Lair:3   | Reached XP level 17. HP: 128/128 MP: 35/35
 26929 | Lair:3   | Received a gift from Sif Muna
 26929 | Lair:3   | Reached skill level 5 in Air Magic
 26929 | Lair:3   | Gained mutation: Your magical and physical power is
                  | enhanced at high health. [demonic ancestry]
 26929 | Lair:3   | Reached XP level 18. HP: 134/134 MP: 36/36
 26968 | Shoals:1 | Entered Level 1 of the Shoals
 27357 | Shoals:1 | Noticed Josephine
 27445 | Shoals:1 | Killed Josephine
 28180 | Shoals:2 | Identified Ariopil's Disquisition on Boosting Earth
 29270 | Shoals:3 | Entered Level 3 of the Shoals
 29298 | Shoals:3 | Learned a level 6 spell: Death Channel
 29446 | Shoals:3 | Reached skill level 15 in Spellcasting
 29462 | Shoals:3 | Identified Sif Muna's Papyrus of the Compass and
                  | Confrontation (Sif Muna gifted it to you on level 3 of the
                  | Shoals)
 29462 | Shoals:3 | Received a gift from Sif Muna
 29838 | Shoals:3 | Identified the +4 whip "Fuipp" {slash, rF+}
 29841 | Shoals:3 | Got a barnacled rune of Zot
 30469 | Elf:1    | Entered Level 1 of the Elven Halls
 30571 | Elf:1    | Reached XP level 19. HP: 126/140 MP: 38/38
 30735 | Elf:1    | Noticed a Shadow Fiend
 30867 | Elf:1    | Identified Sif Muna's Guide on the Warped Birds (Sif Muna
                  | gifted it to you on level 1 of the Elven Halls)
 30867 | Elf:1    | Received a gift from Sif Muna
 30927 | Elf:1    | Learned a level 6 spell: Borgnjor's Vile Clutch
 31011 | Elf:1    | Found a runed translucent gate.
 31011 | Elf:1    | Found a runed translucent gate.
 31011 | Elf:1    | Found a runed translucent gate.
 31011 | Elf:1    | Found a runed translucent gate.
 31011 | Elf:1    | Found a runed translucent gate.
 31012 | Elf:1    | Found a runed translucent gate.
 31244 | Elf:1    | Identified the +8 short sword "Ciggor" {pain, +Rage Str+4
                  | Stlth+}
 31374 | Elf:2    | Found Qesimy's Magic Scroll Boutique.
 31384 | Elf:2    | Bought a scroll of revelation for 52 gold pieces
 31384 | Elf:2    | Bought a scroll of teleportation for 39 gold pieces
 31384 | Elf:2    | Bought a scroll of teleportation for 39 gold pieces
 31385 | Elf:2    | Noticed Nikola
 31391 | Elf:2    | Killed Nikola
 31496 | Elf:2    | Found a frozen archway.
 31545 | IceCv    | Entered an ice cave
 32317 | IceCv    | Learned a level 2 spell: Blink
 32885 | Elf:2    | Identified the ring "Zoent" {+Fly Str+3}
 32998 | Elf:2    | Found a runed gate.
 32998 | Elf:2    | Found a runed gate.
 32999 | Elf:2    | Found a runed gate.
 33287 | Elf:2    | Bought a scroll of immolation for 45 gold pieces
 33287 | Elf:2    | Bought 2 scrolls of fear for 130 gold pieces
 33543 | Vaults:1 | Entered Level 1 of the Vaults
 33645 | Vaults:1 | Identified Sif Muna's Disquisition on Creative
                  | Transmutation (Sif Muna gifted it to you on level 1 of the
                  | Vaults)
 33645 | Vaults:1 | Received a gift from Sif Muna
 33879 | Vaults:1 | Found Nouplehe's Gadget Boutique.
 33898 | Vaults:1 | Bought a lamp of fire for 760 gold pieces
 33898 | Vaults:1 | Bought a wand of iceblast (12) for 370 gold pieces
 33898 | Vaults:1 | Bought a phial of floods for 760 gold pieces
 33898 | Vaults:1 | Bought a wand of disintegration (8) for 106 gold pieces
 33898 | Vaults:1 | Bought a fan of gales (2/2) for 570 gold pieces
 34177 | Vaults:1 | Gained mutation: You regenerate a little health from kills.
                  | [demonic ancestry]
 34177 | Vaults:1 | Reached XP level 20. HP: 147/147 MP: 6/40
 34182 | Vaults:1 | Reached skill level 10 in Evocations
 34223 | Vaults:1 | Reached skill level 10 in Charms
 34223 | Vaults:1 | Reached skill level 10 in Air Magic
 34426 | Vaults:1 | Identified Sif Muna's Compendium of the Lethal Volcanoes
                  | (Sif Muna gifted it to you on level 1 of the Vaults)
 34426 | Vaults:1 | Received a gift from Sif Muna
 34996 | Vaults:1 | Found Udweig's Antique Weapon Shop.
 35025 | Vaults:1 | Found Xoluheu's Antique Armour Boutique.
 35040 | Vaults:1 | Bought a twisted hat for 306 gold pieces
 35040 | Vaults:1 | Identified the cursed +0 hat of Foolhardiness {*Corrode
                  | rElec rF+++ Int-5} (You bought it in a shop on level 1 of
                  | the Vaults)
 35040 | Vaults:1 | Bought a warped robe for 193 gold pieces
 35040 | Vaults:1 | Identified the +1 robe "Ileuqivo" {rElec rPois rN+++ Dex-3}
                  | (You bought it in a shop on level 1 of the Vaults)
 35788 | Vaults:2 | Found a staircase to the Crypt.
 35788 | Vaults:2 | Found a basalt altar of Yredelemnul.
 35788 | Vaults:2 | Found an ancient bone altar of Kikubaaqudgha.
 35897 | Vaults:2 | Identified Sif Muna's Grimoire of Blistering Poison
 35936 | Vaults:2 | Identified Sif Muna's Catalogue of Warped Heat (Sif Muna
                  | gifted it to you on level 2 of the Vaults)
 35936 | Vaults:2 | Received a gift from Sif Muna
 36161 | Vaults:2 | Noticed Mennas
 36210 | Crypt:1  | Entered Level 1 of the Crypt
 36213 | Crypt:1  | Reached skill level 15 in Necromancy
 36225 | Crypt:1  | Identified the +6 arbalest of Kuxkeghu {elec, +Blink}
 37085 | Crypt:2  | Entered Level 2 of the Crypt
 37099 | Crypt:2  | Found a staircase to the Tomb.
 37165 | Crypt:2  | Gained mutation: Your magical and physical power is greatly
                  | enhanced at high health. [demonic ancestry]
 37165 | Crypt:2  | Reached XP level 21. HP: 106/154 MP: 26/41
 37710 | Crypt:2  | Reached skill level 11 in Fighting
 37925 | Crypt:2  | Paralysed by a vampire knight for 3 turns
 38362 | Crypt:2  | Received a gift from Sif Muna
 38495 | Crypt:2  | Identified the amulet of Dairch {Spirit SInv}
 38495 | Crypt:2  | Noticed Jory
 38500 | Crypt:2  | Killed Jory
 38538 | Crypt:2  | Identified a +2 pair of boots of running
 38561 | Crypt:2  | Identified Ishrul's Tome of Black Rituals
 38563 | Crypt:2  | Identified the cursed +0 hat of the Sacrificial Victim
                  | {Int+7}
 38646 | Crypt:2  | Paralysed by a vampire knight for 3 turns
 38647 | Crypt:2  | Identified the ring "Zomoorph" {+Blink +Fly Int-3 Slay+3}
 38940 | Crypt:2  | Reached skill level 10 in Shields
 39540 | Elf:3    | Entered Level 3 of the Elven Halls
 39732 | Elf:3    | Noticed Mara
 40191 | Elf:3    | Reached skill level 12 in Fighting
 40454 | Elf:3    | Identified the +5 war axe of the Sky {chop, MR+ Str+4
                  | Int-4}
 40547 | Elf:3    | Gained mutation: You regenerate health from kills. [demonic
                  | ancestry]
 40547 | Elf:3    | Reached XP level 22. HP: 165/165 MP: 33/43
 40573 | Elf:3    | Identified the +5 hunting sling of the Ship {freeze, *Drain
                  | rC- MR++ Str+10}
 40618 | Elf:3    | Identified the Incunabulum of Gliding Black Magic
 41269 | Orc      | Bought 2 potions of haste for 360 gold pieces
 41377 | Depths:1 | Entered Level 1 of the Depths
 41386 | Depths:1 | Learned a level 6 spell: Iron Shot
 41578 | Depths:1 | Found a runed translucent gate.
 41578 | Depths:1 | Found a runed translucent gate.
 41584 | Depths:1 | Found a runed translucent gate.
 41585 | Depths:1 | Noticed Morbidden's ghost (veteran VSAc)
 41659 | Depths:1 | Identified the Reference Book on Toxic Attacks
 41679 | Depths:1 | Found a gateway to a ziggurat.
 41715 | Depths:1 | Identified Pifitz's Catalogue of Vitriolic Weightlessness
                  | (Sif Muna gifted it to you on level 1 of the Depths)
 41715 | Depths:1 | Received a gift from Sif Muna
 42003 | Depths:1 | Killed Morbidden's ghost
 42085 | Depths:1 | Identified the +2 dire flail "Uzio" {vamp, rN+ Dex+3 SInv}
 42170 | Depths:1 | Found a gateway to Hell.
 42355 | Depths:2 | Found a one-way gate to the infinite horrors of the Abyss.
 42607 | Depths:2 | Noticed a caustic shrike
 42614 | Depths:2 | Killed a caustic shrike
 42910 | Depths:2 | Noticed a juggernaut
 42917 | Depths:2 | Killed a juggernaut
 43084 | Depths:2 | Found a basalt altar of Yredelemnul.
 43362 | Orc      | Bought the +2 shield of Resistance {rF+ rC+ MR+} for 739
                  | gold pieces
 43362 | Orc      | Found the +2 shield of Resistance {rF+ rC+ MR+}
 43626 | Depths:3 | Identified the Grimoire of the Sinister Entourage
 43692 | Depths:3 | Identified the +9 medium shield "Nebasuq" {-Cast +Inv rElec
                  | rPois}
 43692 | Depths:3 | Noticed Asterion
 43706 | Depths:3 | Killed Asterion
 43754 | Depths:3 | Reached skill level 1 in Armour
 43937 | Depths:3 | Gained mutation: You regenerate a lot of health from kills.
                  | [demonic ancestry]
 43937 | Depths:3 | Reached XP level 23. HP: 171/171 MP: 45/45
 44151 | Depths:3 | Noticed a juggernaut
 44786 | Depths:3 | Received a gift from Sif Muna
 44801 | Depths:3 | Found a one-way gate leading to the halls of Pandemonium.
 45205 | Depths:3 | Identified the +2 scimitar of Woriogoz {vamp, rC+ MR++
                  | Str-5}
 45287 | Depths:3 | Killed a juggernaut
 45337 | Depths:3 | Reached skill level 15 in Shields
 45359 | Depths:3 | Reached skill level 13 in Fighting
 45361 | Depths:3 | Reached skill level 5 in Armour
 45395 | Depths:3 | Identified Waidir's Reference Book on Transformation and
                  | Intoxication
 45562 | Depths:4 | Noticed Sojobo
 46080 | Depths:3 | Learned a level 5 spell: Lee's Rapid Deconstruction
 46098 | Depths:3 | Identified the cursed +3 quarterstaff "Lacwaeri" {elec,
                  | Str+4 Dex-3 SInv}
 46121 | Depths:4 | Killed Sojobo
 46257 | Depths:4 | Identified Ypexiss's Incunabulum of Unholy Secrets and
                  | Curses (Sif Muna gifted it to you on level 4 of the Depths)
 46257 | Depths:4 | Received a gift from Sif Muna
 46258 | Depths:4 | Reached XP level 24. HP: 184/184 MP: 15/45
 46263 | Depths:4 | Reached skill level 14 in Fighting
 46363 | Depths:4 | Reached skill level 15 in Fighting
 47160 | Depths:4 | Found Byeleuca's Jewellery Shoppe.
 47160 | Depths:4 | Found Wobao's Gadget Shop.
 47161 | Depths:4 | Found Wujau's Jewellery Shoppe.
 47169 | Depths:4 | Bought a wand of disintegration (9) for 80 gold pieces
 47574 | Depths:5 | Entered Level 5 of the Depths
 47664 | Depths:5 | Reached skill level 16 in Fighting
 47667 | Depths:5 | Noticed a Killer Klown
 47676 | Depths:5 | Killed a Killer Klown
 47687 | Depths:5 | Found Bevenoag's Book Boutique.
 47712 | Depths:5 | Noticed a juggernaut
 47725 | Depths:5 | Killed a juggernaut
 47738 | Depths:5 | Noticed Frederick
 47743 | Depths:5 | Killed Frederick
 47759 | Depths:5 | Reached skill level 17 in Fighting
 47781 | Depths:5 | Found a gate to the Realm of Zot.
 48143 | Depths:5 | Reached skill level 18 in Fighting
 48492 | Depths:5 | Identified the Reference Book on Entrancing Transformation
 48959 | Depths:4 | Bought an uncursed ring of resist corrosion for 625 gold
                  | pieces
 49436 | Orc      | Found a roughly hewn altar of Beogh.
 49477 | Slime:1  | Entered Level 1 of the Pits of Slime
 49488 | Slime:1  | Gained mutation: You are completely covered in sharp
                  | spines. [demonic ancestry]
 49488 | Slime:1  | Reached XP level 25. HP: 173/205 MP: 45/45
 50572 | Slime:2  | Identified Xenin's Handbook of Calling and Battle Magic
                  | (Sif Muna gifted it to you on level 2 of the Pits of Slime)
 50572 | Slime:2  | Received a gift from Sif Muna
 51105 | Slime:3  | Noticed Dissolution
 51110 | Slime:3  | Killed Dissolution
 51154 | Slime:3  | Reached skill level 19 in Fighting
 52457 | Slime:5  | Entered Level 5 of the Pits of Slime
 52606 | Slime:5  | Received a gift from Sif Muna
 52784 | Slime:5  | Found the +6 lightning scales {run, rElec}
 52786 | Slime:5  | Found a viscous altar of Jiyva.
 52786 | Slime:5  | Noticed the Royal Jelly
 52849 | Slime:5  | Killed the Royal Jelly
 53002 | Slime:5  | Identified the +0 pair of boots of Ovaben {rPois Regen+
                  | Stlth+}
 53013 | Slime:5  | Identified the amulet "Viat" {Regen rN+ MP+9 Int+3}
 53049 | Slime:5  | Got a slimy rune of Zot
 53085 | Slime:5  | Identified the ring "Wezixuer" {Ice rN+}
 53527 | Depths:5 | Learned a level 7 spell: Haunt
 53533 | Zot:1    | Entered Level 1 of the Realm of Zot
 53905 | Zot:1    | Noticed a golden dragon
 53919 | Zot:1    | Killed a golden dragon
 54089 | Depths:5 | Identified Vinats's Incunabulum of Assistive Fascination
                  | (Sif Muna gifted it to you on level 5 of the Depths)
 54089 | Depths:5 | Received a gift from Sif Muna
 54238 | Zot:1    | Reached skill level 15 in Conjurations
 54275 | Zot:1    | Reached XP level 26. HP: 161/215 MP: 28/45
 54298 | Zot:1    | Reached skill level 15 in Earth Magic
 54599 | Zot:2    | Noticed an orb of fire
 54602 | Zot:2    | Killed an orb of fire
 54964 | Zot:1    | Mangled by an emperor scorpion

Skill      XL: |  1  2  3  4  5  6  7  8  9 10 11 12 13 14 15 16 17 18 19 20 21 22 23 24 25 26 |
---------------+-------------------------------------------------------------------------------+-----
Dodging        | 2 3 4 5 8 10 12 | 12.0
Fighting       | 1 3 4 5 7 8 9 10 12 13 18 19 | 19.0
Short Blades   | 1 2 3 5 |  5.0
Stealth        | 3 4 5 |  5.0
Necromancy     | 5 7 10 15 | 15.0
Spellcasting   | 3 4 5 9 10 13 14 15 16 17 18 | 18.6
Invocations    | 3 5 10 | 10.0
Throwing       | 2 5 |  5.0
Conjurations   | 5 8 10 12 15 | 15.0
Earth Magic    | 3 5 9 10 11 12 14 15 | 15.0
Charms         | 5 8 9 10 | 10.0
Evocations     | 2 5 7 9 10 | 10.0
Shields        | 5 6 8 10 14 15 | 15.0
Air Magic      | 2 5 8 9 10 | 10.0
Armour         | 1 5 |  5.0

Action                   |  1- 3 |  4- 6 |  7- 9 | 10-12 | 13-15 | 16-18 | 19-21 | 22-24 | 25-27 || total
-------------------------+-------+-------+-------+-------+-------+-------+-------+-------+-------++-------
Melee: Dagger            |    55 |    62 |   257 |   165 |    38 |       |       |       |       ||   577
       Kick              |    11 |    17 |   113 |    70 |   107 |     6 |     8 |    13 |     5 ||   350
       Short sword       |       |       |   100 |       |       |       |       |       |       ||   100
       Staff             |       |       |       |       |   136 |    11 |    17 |    21 |    14 ||   199
 Fire: Blowgun           |       |       |       |       |    12 |       |       |     2 |       ||    14
Throw: Tomahawk          |       |       |    45 |    80 |    63 |       |       |       |       ||   188
       Throwing net      |       |       |       |       |     4 |       |       |       |       ||     4
 Cast: Necrotize         |    35 |    32 |   113 |   155 |   331 |     5 |       |       |       ||   671
       Vampiric Draining |       |     4 |     6 |    10 |    25 |     1 |       |       |       ||    46
       Agony             |       |       |     8 |    36 |    49 |       |       |       |       ||    93
       Animate Dead      |       |       |       |    15 |    40 |     8 |     9 |     6 |     3 ||    81
       Slow              |       |       |       |     5 |       |       |       |       |       ||     5
       Iskenderun's Batt |       |       |       |     3 |    62 |    45 |    58 |    17 |    12 ||   197
       Stone Arrow       |       |       |       |     2 |   311 |   157 |   231 |    86 |     6 ||   793
       Dispel Undead     |       |       |       |       |    61 |     7 |   295 |    51 |     6 ||   420
       Bolt of Draining  |       |       |       |       |    40 |    78 |   259 |   344 |   215 ||   936
       Death Channel     |       |       |       |       |       |     4 |    24 |    36 |     6 ||    70
       Deflect Missiles  |       |       |       |       |       |     1 |       |       |     1 ||     2
       Borgnjor's Vile C |       |       |       |       |       |       |     7 |     6 |       ||    13
       Blink             |       |       |       |       |       |       |     3 |       |     7 ||    10
       Iron Shot         |       |       |       |       |       |       |       |    71 |    98 ||   169
       Lee's Rapid Decon |       |       |       |       |       |       |       |    18 |    43 ||    61
       Haunt             |       |       |       |       |       |       |       |       |     1 ||     1
Invok: Channel Magic     |       |       |       |       |     2 |     4 |     2 |     5 |     1 ||    14
       Forget Spell      |       |       |       |       |       |       |       |       |     1 ||     1
Evoke: Wand              |       |       |       |    15 |    20 |     9 |    10 |     5 |     7 ||    66
       Staff of power    |       |       |       |       |     2 |    12 |    13 |     5 |     1 ||    33
       Sack of spiders   |       |       |       |       |     3 |     1 |     4 |     5 |     3 ||    16
       Lightning rod     |       |       |       |       |       |     4 |     7 |       |       ||    11
       Lamp of fire      |       |       |       |       |       |       |     2 |     2 |     1 ||     5
       Phantom mirror    |       |       |       |       |       |       |     1 |       |       ||     1
       Phial of floods   |       |       |       |       |       |       |     1 |     3 |     1 ||     5
       Fan of gales      |       |       |       |       |       |       |       |       |     3 ||     3
  Use: Scroll            |     1 |       |    14 |    12 |    19 |     6 |    10 |     2 |     3 ||    67
       Potion            |       |       |       |     1 |     1 |     9 |     1 |     5 |     3 ||    20
 Stab: Sleeping          |     3 |       |     6 |     3 |     1 |       |       |       |       ||    13
       Distracted        |       |       |     5 |     2 |       |       |       |     2 |       ||     9
  Eat: Chunk             |     2 |     4 |    18 |    21 |    40 |    15 |    13 |    12 |     2 ||   127
       Ration            |       |     1 |     4 |     4 |    12 |     2 |     8 |     7 |     5 ||    43
Armor: Leather armour    |    20 |    23 |       |       |       |       |       |       |       ||    43
       Robe              |       |       |   113 |    70 |   111 |    24 |    56 |    51 |    21 ||   446
Dodge: Dodged            |    45 |    32 |   257 |   179 |   524 |   121 |   207 |   175 |    68 ||  1608
       Deflected         |       |       |       |       |       |    23 |    49 |    49 |    13 ||   134
Block: Other             |       |       |    27 |       |       |    14 |       |       |       ||    41
       Reflection        |       |       |       |       |       |     1 |     1 |    10 |       ||    12
       Buckler           |       |       |       |       |       |       |    99 |    19 |       ||   118
       Medium shield     |       |       |       |       |       |       |       |   154 |    82 ||   236
